 Dungeon Crawl Stone Soup version 0.29-a0-483-g69413ace17 (webtiles) character file.

Game seed: 12614903762315881609

737 xian the Covered (level 7, 0/44 HPs)
             Began as a Gargoyle Fighter on May 26, 2022.
             Slain by a thrashing horror (1 damage)
             ... on level 1 of the Abyss.
             The game lasted 00:13:19 (4660 turns).

xian the Covered (Gargoyle Fighter)                 Turns: 4660, Time: 00:13:19

Health: 0/44       AC: 23    Str: 21 (22) XL:     7   Next: 75%
Magic:  7/7        EV:  6    Int:  4 (8)  God:
Gold:   284        SH:  4    Dex:  8 (9)  Spells: 6/6 levels left

rFire   + . .      SeeInvis .   w - +6 mace "Ynamuh Rib" {vorpal, rPois}
rCold   . . .      Faith    .   c - +0 buckler
rNeg    + . .      Spirit   .   f - +0 plate armour
rPois   ∞          Reflect  .   l - +0 helmet
rElec   +          Harm     .   x - +2 cloak
rCorr   .          Rampage  .   (no gloves)
Will    .....                   q - +0 pair of boots
Stlth   ..........              (no amulet)
HPRegen 0.14/turn               E - ring of fire
MPRegen 0.10/turn               (no ring)

@: flying
A: sickness immunity, AC +4, negative energy resistance 1, electricity
resistance, torment resistance 1, petrification resistance, big wings, cold
resistance 1, deterioration 1
a: no special abilities


You were on level 1 of the Abyss.
You visited 1 branch of the dungeon, and saw 5 of its levels.
You visited the Abyss 1 time.

You collected 284 gold pieces.

Inventory:

Hand Weapons
 t - a +0 vorpal falchion
 w - the +6 mace "Ynamuh Rib" (weapon) {vorpal, rPois}
   (You found it on level 3 of the Dungeon)

   It inflicts extra damage upon your enemies.
   rPois:     It protects you from poison.
Missiles
 B - 11 poisoned darts (quivered)
Armour
 c - a +0 buckler (worn)
 f - a +0 plate armour (worn)
 l - a +0 helmet (worn)
 q - a +0 pair of boots (worn)
 x - a +2 cloak (worn)
 y - a +2 leather armour of positive energy
Jewellery
 E - a ring of fire (left hand)
Scrolls
 a - a scroll of enchant armour {unknown}
 b - a scroll of amnesia {unknown}
 e - 2 scrolls of fear {unknown}
 g - 2 scrolls of teleportation {unknown}
 h - a scroll of silence {unknown}
 i - 3 scrolls of immolation {unknown}
 j - 3 scrolls of enchant weapon {unknown}
 k - 6 scrolls of identify {unknown}
 s - a scroll of blinking {unknown}
 u - a scroll of fog {unknown}
 v - 2 scrolls of vulnerability {unknown}
 C - a scroll of poison {unknown}
 D - a scroll of summoning {unknown}
Potions
 d - 2 potions of haste
 o - a potion of might
 r - a potion of curing {unknown}


   Skills:
 + Level 4.7 Fighting
 + Level 0.8 Long Blades
 + Level 5.3 Maces & Flails
 + Level 0.9 Throwing
 + Level 5.6 Armour
 + Level 1.0 Dodging
 + Level 0.2 Stealth
 + Level 4.7 Shields


You had 6 spell levels left.
You didn't know any spells.
Your spell library contained the following spells:

 Spells                   Type           Power      Damage    Failure   Level
 Magic Dart               Conj           0%         1d3       100%        1
 Shock                    Conj/Air       0%         1d3       100%        1
 Call Imp                 Summ           0%         N/A       100%        2
 Ensorcelled Hibernation  Hex/Ice        0%         N/A       100%        2
 Passwall                 Tmut/Erth      0%         N/A       100%        2
 Mephitic Cloud           Conj/Pois/Air  0%         N/A       100%        3
 Ozocubu's Armour         Ice            0%         N/A       100%        3
 Swiftness                Air            0%         N/A       100%        3
 Airstrike                Air            0%         N/A       100%        4
 Metabolic Englaciation   Hex/Ice        0%         N/A       100%        5
 Simulacrum               Ice/Necr       0%         N/A       100%        6


Dungeon Overview and Level Annotations

Branches:
Dungeon (5/15)
 Temple: D:4-7

Altars:


Innate Abilities, Weirdness & Mutations

You are immune to sickness and miasma.
Your stone body is resilient. (AC +4)
You are immune to poison.
You resist negative energy. (rN+)
You are resistant to electric shocks. (rElec)
You are resistant to unholy torment.
You are immune to petrification.
Your large and strong wings let you fly.
Your flesh is cold resistant. (rC+)
Your body sometimes deteriorates upon taking damage.


Message History

You hear some strange, mumbled words.
A magic dart appears from out of thin air!
The magic dart hits you but does no damage.
The orc wizard gestures at you while chanting.
You resist with some effort. The orc hits you but does no damage.
Space warps around you.
You hit the orc.
The orc is severely wounded.
You hear some strange, mumbled words.
You are more confused.
The orc wizard hits you but does no damage.
The orc hits you but does no damage. Space warps horribly around you!
* * * LOW HITPOINT WARNING * * *
Your body deteriorates!
You feel dopey.
The orc wizard attacks as you move away!
The orc wizard barely misses you. Something hits you but does no damage.
The orc hits you with a +0 flail of distortion.
* * * LOW HITPOINT WARNING * * *
Your body deteriorates!
You feel dopey.
You are cast into the Abyss!
This branch contains the abyssal rune of Zot.
Reactivating autopickup.
You feel less confused.
You start resting.
A thrashing horror comes into view.
The thrashing horror roars!
The thrashing horror tramples you but does no damage. x2
The thrashing horror roars!
The thrashing horror tramples you.
* * * LOW HITPOINT WARNING * * *
You hold your ground!
The thrashing horror barely misses you.
You are too injured to fight recklessly!
You barely miss the thrashing horror. The thrashing horror tramples you!
* * * LOW HITPOINT WARNING * * *
You are shoved backwards!
You closely miss the thrashing horror.
The thrashing horror tramples you but does no damage.
The thrashing horror completely misses you.
The thrashing horror tramples you.
You die...

. ........#
#........#
.#........##
...........#
#.......#
..#.......#
#........#
..##.##X###
####@# #...#
#.....#
#.......#
...#...#.#
.≈.####.# #
#... .# ##..
.. .# ..#


You could see a thrashing horror.

Vanquished Creatures
  A water moccasin (D:5)
  2 scorpions
  Crazy Yiuf (D:3)
  A jelly (D:4)
  A gnoll shaman (D:4)
  2 hounds
  Jessica (D:3)
  An iguana (D:4)
  Terence (D:2)
  Robin (D:3)
  9 gnolls
  7 adders
  2 worms
  3 dart slugs
  17 orcs
  6 endoplasms
  2 giant cockroaches
  17 goblins
  11 hobgoblins
  2 jackals (D:2)
  5 kobolds
  3 quokkas
  4 ball pythons
  3 bats
  3 frilled lizards
  10 rats
116 creatures vanquished.

Notes
Turn   | Place    | Note
-------+----------+-------------------------------------------
     0 | D:1      | xian the Gargoyle Fighter began the quest for the Orb.
     0 | D:1      | Reached XP level 1. HP: 14/14 MP: 1/1
    55 | D:1      | Found a faded altar of an unknown god.
    77 | D:1      | Reached XP level 2. HP: 11/19 MP: 2/2
   448 | D:1      | Reached XP level 3. HP: 19/23 MP: 3/3
  1221 | D:2      | Reached XP level 4. HP: 29/29 MP: 4/4
  1743 | D:2      | Noticed Terence
  1754 | D:2      | Killed Terence
  2106 | D:3      | Reached XP level 5. HP: 32/33 MP: 5/5
  2349 | D:3      | Noticed Robin
  2363 | D:3      | Killed Robin
  2786 | D:3      | Identified the +6 mace "Ynamuh Rib" {vorpal, rPois}
  2790 | D:3      | Found a runed translucent door.
  2791 | D:3      | Noticed Crazy Yiuf
  2798 | D:3      | Killed Crazy Yiuf
  2907 | D:3      | Noticed Jessica
  2913 | D:3      | Killed Jessica
  2914 | D:3      | Reached skill level 5 in Armour
  2914 | D:3      | Reached XP level 6. HP: 35/38 MP: 6/6
  3278 | D:4      | Reached skill level 1 in Dodging
  3928 | D:4      | Reached XP level 7. HP: 44/44 MP: 7/7
  4351 | D:5      | Entered Level 5 of the Dungeon
  4532 | D:5      | Reached skill level 5 in Maces & Flails
  4628 | D:5      | HP: 1/44 [orc/+0 flail of distortion (13)]
  4631 | D:5      | Gained mutation: Your body sometimes deteriorates upon
                  | taking damage. [potion of mutation]
  4631 | D:5      | Gained mutation: Your large and strong wings let you fly.
                  | [potion of mutation]
  4631 | D:5      | Gained mutation: Your flesh is cold resistant. (rC+)
                  | [potion of mutation]
  4637 | D:5      | Cast into level 1 of the Abyss (orc)
  4653 | Abyss:1  | Noticed a thrashing horror
  4658 | Abyss:1  | HP: 1/44 [thrashing horror (8)]
  4660 | Abyss:1  | Slain by a thrashing horror

Illustrated notes

Levels and vault maps discovered:
D:1:      nzn_arrival_crosshair, layout_loops_ring,
          chequers_ecumenical_altar_simple_redux
D:2:      layout_loops_corners, kennysheep_generic_room_7, uniq_terence
D:3:      layout_loops_cross, uniq_crazy_yiuf_cottage, uniq_jessica, uniq_robin
D:4:      layout_gridville
D:5:      layout_loops_ring
Abyss:1:  base: D:5, evilmike_abyss_exit_15

Skill      XL: |  1  2  3  4  5  6  7 |
---------------+----------------------+-----
Shields        | 4 |  4.7
Armour         | 4 5 |  5.6
Fighting       | 4 |  4.7
Maces & Flails | 3 4 5 |  5.3
Dodging        | 1 |  1.0
Long Blades    | |  0.8
Throwing       | |  0.9
Stealth        | |  0.2

Action                   |  1- 3 |  4- 6 |  7- 9 || total
-------------------------+-------+-------+-------++-------
Melee: Flail             |    99 |   125 |       ||   224
       Falchion          |       |    17 |       ||    17
       Mace              |       |    65 |    46 ||   111
Throw: Javelin           |       |    11 |     2 ||    13
       Dart              |       |     2 |       ||     2
  Use: Potion            |       |     1 |     6 ||     7
Armor: Scale mail        |    46 |       |       ||    46
       Plate armour      |    23 |   203 |    50 ||   276
Dodge: Dodged            |    45 |    90 |    21 ||   156
Block: Buckler           |    20 |    61 |     5 ||    86

Table legend: (Time is in decaauts)
 A = Elapsed time spent in this place.
 B = Non-inter-level travel time spent in this place.
 C = Inter-level travel time spent in this place.
 D = Time resting spent in this place.
 E = Time spent auto-exploring this place.
 F = Levels seen in this place.
 G = Mean time per level.
                   A        B        C        D        E       F      G
               +--------+--------+--------+--------+--------+-----+--------+
         Total |   4768 |   4631 |    137 |     30 |   2862 |   6 |  794.7 |
       Dungeon |   4745 |   4608 |    137 |     19 |   2862 |   5 |  949.0 |
         Abyss |     22 |     22 |      0 |     11 |      0 |   1 |   22.0 |
               +--------+--------+--------+--------+--------+-----+--------+

Top non-repeatable levels by time:
     D:3: 1190 daAuts
     D:4: 1137 daAuts
     D:2: 1095 daAuts
     D:1: 1029 daAuts
     D:5: 293 daAuts
 Abyss:1: 22 daAuts
